Map: 2000 Atmospheres LE

Players

miscAlaneous - Winner!

  • Race: Terran Terran
  • League: Diamond

freebuttouch

  • Race: Zerg Zerg
  • League: Diamond

VOD

Have the link to the VOD?

Description

Time

  • Played on: Sept. 18, 2021, 2:14 a.m.
  • Length: 11:54
Show
View Real Time Build Order
Export as new Build Order

miscAlaneous Terran - Winner!

Build Orders:  

Get SALT Encoding   

  12  0:00  SCV  
  13  0:12  SCV  
  14  0:16  Supply Depot  
  14  0:24  SCV  
  15  0:38  SCV  
  15  0:39  Barracks  
  16  0:49  Refinery  
  16  0:50  SCV  
  17  1:02  SCV  
  18  1:14  SCV  
  19  1:27  Marine, Orbital Command  
  20  1:39  Command Center  
  20  1:45  Refinery  
  20  1:50  Reaper  
  21  1:56  Supply Depot  
  21  1:58  SCV  
  22  2:10  SCV  
  23  2:22  SCV  
  23  2:27  Barracks Reactor  
  24  2:32  Factory  
  24  2:35  SCV  
  25  2:47  SCV  
  26  2:53  Command Center  
  26  3:03  SCV  
  26  3:04  Orbital Command  
  26  3:15  SCV  
  27  3:22  Barracks Tech Lab  
  27  3:24  Hellion x2  
  31  3:28  SCV  
  32  3:34  SCV  
  32  3:40  SCV  
  34  3:45  Hellion x2  
  34  3:47  Starport, SCV  
  39  3:49  Marine  
  39  3:52  SCV  
  41  4:00  Supply Depot  
  41  4:02  SCV  
  42  4:03  Supply Depot  
  42  4:04  Stimpack, SCV  
  43  4:13  Orbital Command  
  43  4:14  SCV  
  44  4:26  Marine  
  44  4:27  Viking  
  47  4:33  SCV  
  47  4:34  Barracks, SCV  
  47  4:37  Barracks  
  49  4:42  Supply Depot  
  49  4:43  Factory Tech Lab  
  49  4:44  Marine, Supply Depot  
  50  4:46  SCV  
  50  4:47  SCV x2  
  53  4:54  Engineering Bay  
  53  4:57  Engineering Bay  
  53  4:58  SCV  
  53  4:59  SCV x2  
  56  5:08  Supply Depot  
  56  5:09  Marine  
  56  5:10  Starport Reactor  
  56  5:11  Siege Tank  
  56  5:12  Supply Depot  
  56  5:13  SCV x2  
  62  5:15  SCV  
  62  5:19  Refinery  
  63  5:25  Refinery  
  63  5:28  Terran Infantry Armor Level 1, Terran Infantry Weapons Level 1  
  63  5:30  SCV x3  
  63  5:31  Marine  
  63  5:32  Marine x2  
  69  5:42  SCV x2  
  71  5:43  Supply Depot  
  71  5:44  Supply Depot  
  71  5:45  Siege Tank  
  71  5:46  SCV  
  75  5:54  SCV x2  
  77  5:58  Starport Reactor, SCV  
  78  6:06  SCV  
  78  6:07  SCV  
  80  6:11  Supply Depot  
  80  6:12  Marine x5  
  80  6:13  Combat Shield  
  80  6:14  Supply Depot  
  80  6:16  SCV  
  80  6:18  Siege Tank, SCV  
  89  6:19  SCV  
  91  6:29  Marine  
  91  6:30  Marine x2, Barracks  
  94  6:33  Factory  
  94  6:35  Barracks x2  
  94  6:36  Supply Depot  
  94  6:37  Supply Depot, SCV x2  
  94  6:38  Barracks, SCV  
  97  6:49  Marine x5  
  97  6:52  Siege Tank  
  105  7:11  Marine x5, Supply Depot  
  105  7:12  Medivac x2  
  105  7:15  SCV x3, Supply Depot  
  117  7:17  Armory  
  117  7:21  Factory Tech Lab  
  117  7:23  Barracks Reactor x2  
  117  7:24  Barracks Reactor, Siege Tank  
  117  7:27  Barracks Reactor, SCV x3  
  123  7:32  Refinery  
  123  7:33  Marine x5  
  123  7:34  Refinery  
  128  7:39  SCV x2  
  128  7:42  Supply Depot  
  130  7:45  Medivac x2  
  130  7:46  Siege Tank, Supply Depot  
  130  7:50  Marine  
  130  7:51  Marine x4  
  142  8:01  Marine x2  
  142  8:04  SCV  
  142  8:05  Terran Infantry Weapons Level 2, SCV x2  
  147  8:08  Marine x2  
  147  8:09  Marine x3  
  150  8:26  Marine  
  149  8:29  Marine x8  
  149  8:30  Marine x4, Siege Tank x2  
  149  8:31  Medivac x2  
  166  8:45  Marine  
  166  8:47  Marine x4  
  144  8:53  Marine x6  
  144  8:54  Terran Infantry Armor Level 2  
  143  8:59  Command Center  
  143  9:02  Siege Tank x2  
  146  9:04  Marine x4  
  146  9:05  Marine x3  
  156  9:10  Marine  
  156  9:11  Marine x3  
  156  9:14  Marine x2, Supply Depot  
  156  9:16  Command Center, Terran Vehicle Weapons Level 1, Supply Depot  
  162  9:22  Marine x3  
  163  9:34  Siege Tank  
  163  9:35  Siege Tank  
  165  9:50  Marine  
  165  9:51  Marine x12  
  172  10:07  Siege Tank x2  
  158  10:08  Marine  
  158  10:09  Marine x2  
  158  10:10  Marine x9  
  158  10:11  Marine  
  165  10:26  Marine  
  165  10:27  Marine x2  
  165  10:28  Marine x10  
  178  10:39  Siege Tank x2  
  184  10:44  Marine x3  
  184  10:45  Marine  
  184  10:46  Marine  
  165  11:04  Marine  
  165  11:05  Marine x12  
  165  11:11  Siege Tank x2  
  182  11:22  Marine  
  182  11:23  Marine x11  
  189  11:32  Marine  
Show
View Real Time Build Order
Export as new Build Order

freebuttouch Zerg 

Build Orders: Hatch First 

Get SALT Encoding   

  12  0:00  Drone  
  13  0:12  Overlord  
  13  0:17  Drone  
  14  0:30  Drone x2  
  16  0:50  Hatchery  
  16  0:54  Drone  
  16  0:56  Drone  
  17  1:01  Drone  
  18  1:10  Extractor  
  17  1:17  Spawning Pool  
  16  1:19  Drone  
  16  1:22  Drone  
  18  1:28  Drone  
  19  1:38  Drone  
  20  1:49  Drone  
  21  2:05  Drone x2  
  23  2:10  Drone  
  24  2:17  Queen x2  
  24  2:19  Metabolic Boost  
  28  2:24  Overlord  
  28  2:31  Hatchery  
  28  2:35  Overlord  
  27  2:40  Overlord  
  27  2:45  Drone  
  28  2:58  Zergling x2  
  28  2:59  Zergling x6  
  32  3:14  Drone x3  
  32  3:16  Drone, Queen  
  38  3:21  Drone  
  39  3:32  Drone x2, Queen  
  43  3:40  Drone  
  44  3:43  Overlord  
  44  3:45  Overlord  
  44  3:55  Drone x5  
  49  4:06  Queen  
  49  4:07  Drone  
  49  4:08  Drone x3  
  55  4:14  Drone  
  55  4:15  Drone  
  57  4:18  Overlord  
  57  4:26  Overlord  
  57  4:38  Extractor  
  57  4:43  Drone x2  
  57  4:44  Drone x2  
  64  4:45  Drone x5  
  64  4:51  Drone  
  66  4:58  Drone x2  
  68  5:00  Queen  
  68  5:02  Hatchery  
  68  5:03  Drone x3  
  68  5:04  Drone x4  
  76  5:07  Drone  
  76  5:11  Drone x2  
  79  5:18  Drone  
  79  5:20  Drone  
  81  5:21  Drone  
  82  5:33  Baneling Nest  
  81  5:39  Zergling x2  
  81  5:41  Overlord x2  
  81  5:42  Overlord x5  
  82  5:48  Extractor  
  82  5:49  Extractor  
  80  5:50  Spore Crawler  
  80  5:53  Spine Crawler  
  78  5:57  Overlord  
  78  5:58  Overlord x2  
  78  6:00  Queen  
  78  6:01  Queen x2  
  78  6:03  Drone x3  
  78  6:04  Drone x2, Spore Crawler  
  89  6:09  Drone x2  
  89  6:10  Spore Crawler  
  89  6:16  Overlord  
  89  6:26  Extractor  
  89  6:32  Spore Crawler  
  87  6:33  Drone x3  
  87  6:35  Drone x9, Queen  
  101  6:44  Zergling x2  
  101  6:45  Zergling x2  
  101  6:46  Baneling  
  103  6:47  Baneling x7  
  103  6:52  Lair  
  103  6:55  Drone x2, Evolution Chamber  
  103  6:56  Zergling x10  
  103  6:57  Evolution Chamber  
  108  7:07  Drone  
  108  7:08  Drone x3  
  112  7:10  Extractor x2  
  112  7:11  Drone  
  112  7:12  Drone x4  
  115  7:19  Hatchery  
  115  7:20  Zergling x10  
  119  7:26  Spore Crawler  
  119  7:28  Spine Crawler  
  119  7:29  Spore Crawler  
  116  7:30  Spine Crawler  
  116  7:34  Zergling x2  
  116  7:35  Zergling x14  
  123  7:50  Zergling x2  
  123  7:51  Zergling x16  
  132  7:58  Drone x2  
  134  7:59  Drone, Zergling x2  
  136  8:09  Centrifical Hooks  
  136  8:13  Zergling x2, Hydralisk Den  
  136  8:14  Zergling x22  
  139  8:28  Zergling x8  
  139  8:30  Overlord  
  139  8:31  Overlord x4  
  140  8:39  Zergling x2  
  140  8:40  Zergling x12  
  123  8:44  Zergling x2  
  123  8:45  Zergling x4  
  123  8:47  Zergling x2  
  123  8:48  Zergling x2  
  102  8:49  Queen, Overlord  
  102  8:50  Queen x3  
  102  8:53  Muscular Augments  
  102  8:54  Zerg Melee Weapons Level 1  
  102  8:55  Zerg Ground Armor Level 1  
  108  8:59  Drone  
  108  9:00  Drone x7, Spine Crawler x2  
  108  9:01  Queen  
  108  9:02  Drone x5  
  121  9:06  Baneling x11  
  121  9:07  Baneling x3  
  121  9:15  Infestation Pit  
  120  9:21  Extractor  
  120  9:23  Zergling x10  
  120  9:24  Zergling x14  
  131  9:26  Queen, Drone  
  131  9:28  Drone  
  131  9:29  Drone  
  138  9:35  Zergling x2  
  138  9:36  Zergling x10  
  139  9:40  Zergling x2  
  139  9:41  Zergling x2  
  139  9:43  Zergling x2  
  139  9:44  Zergling x2  
  135  9:49  Zergling x14  
  132  9:54  Zergling x2  
  129  10:02  Zergling x8  
  129  10:05  Grooved Spines  
  112  10:07  Zergling x2  
  112  10:08  Zergling x8  
  112  10:12  Baneling x9  
  112  10:13  Zergling x8  
  112  10:22  Spore Crawler  
  112  10:23  Spine Crawler  
  112  10:24  Zergling x10  
  111  10:32  Drone x6  
  108  10:36  Zergling x2  
  108  10:40  Zergling x2  
  108  10:41  Zergling x6  
  108  10:42  Hatchery  
  112  10:49  Zergling x10  
  116  10:52  Zergling x2  
  101  10:57  Zergling x2  
  101  11:02  Zergling x4  
  80  11:05  Queen  
  80  11:08  Zergling x8  
  85  11:11  Zergling x2  
  85  11:16  Drone, Zergling x2  
  85  11:17  Zergling x2  
  79  11:23  Zergling x4  
  79  11:24  Zergling x4  
  65  11:28  Baneling x4  
  65  11:29  Zergling x2  
  61  11:35  Spine Crawler  
  61  11:36  Zergling x2  
Tags
 
Add a new tag
Caveats
  • Supply blocks, unpowered buildings, or Contaminate may cause inaccurate times.
  • Supply counts are checked every 10 seconds.